 Dungeon Crawl Stone Soup version 0.21.1-1-g345015f (webtiles) character file.

76 prawnwizard the Insei (level 4, -12/28 HPs)
             Began as an Octopode Transmuter on July 22, 2018.
             Mangled by Sigmund
             ... wielding a +0 scythe
              (13 damage)
             ... on level 2 of the Dungeon.
             The game lasted 00:02:00 (1637 turns).

prawnwizard the Insei (Octopode Transmuter)         Turns: 1637, Time: 00:02:00

Health: -12/28     AC:  1    Str:  9    XL:     4   Next: 32%
Magic:  5/7        EV: 14    Int: 15    God:
Gold:   69         SH:  0    Dex: 13    Spells: 2/8 levels left

rFire    . . .     SeeInvis .     - Unarmed
rCold    . . .     Gourm    .   (no shield)
rNeg     . . .     Faith    .   (helmet restricted)
rPois    .         Spirit   .   (no amulet)
rElec    .         Reflect  .   (no ring)
rCorr    .         Harm     .   (no ring)
MR       .....                  (no ring)
Stlth    ++........             (no ring)
HPRegen  0.09/turn              (no ring)
MPRegen  0.10/turn              (no ring)
                                (no ring)
                                (no ring)

@: confused
A: almost no armour, stealthy swim, amphibious, 8 rings, constrict 8, camouflage
1, gelatinous body 1
a: no special abilities


You were on level 2 of the Dungeon.
You were not hungry.

You visited 1 branch of the dungeon, and saw 2 of its levels.

You collected 69 gold pieces.

Inventory:

Missiles
 a - 48 arrows
Jewellery
 l - an uncursed amulet of magic regeneration {unknown}
Wands
 k - a wand of enslavement (9)
Scrolls
 f - 2 scrolls of identify {unknown}
 g - a scroll of teleportation {unknown}
 h - a scroll of blinking {unknown}
Potions
 d - a potion of might {unknown}
 e - a potion of berserk rage {unknown}
 i - a potion of degeneration {unknown}
Books
 b - a book of Changes

   Spells                             Type                      Level
   a - Beastly Appendage              Transmutation                1
   b - Sticks to Snakes               Transmutation                2
   c - Spider Form                    Transmutation/Poison         3
   d - Ice Form                       Ice/Transmutation            4
   e - Blade Hands                    Transmutation                5
Comestibles
 c - 3 rations
 j - 5 chunks of flesh


   Skills:
 + Level 1.5 Fighting
 + Level 2.6 Dodging
 * Level 3.7 Unarmed Combat
 + Level 2.5 Spellcasting
 + Level 2.5 Transmutations


You had 2 spell levels left.
You knew the following spells:

 Your Spells              Type           Power        Failure   Level  Hunger
a - Beastly Appendage     Tmut           #.....       8%          1    #......
b - Sticks to Snakes      Tmut           #.......     11%         2    ###....
c - Spider Form           Tmut/Pois      #.........   36%         3    ###....


Dungeon Overview and Level Annotations

Branches:
Dungeon (2/15)

Altars:
Cheibriados
Hepliaklqana

Annotations:
D:2 Sigmund


Innate Abilities, Weirdness & Mutations

You cannot wear most types of armour.
You are very stealthy in the water. (Stealth+)
You are amphibious.
You can wear up to eight rings at the same time.
You can use your tentacles to constrict eight enemies at once.
Your skin changes colour to match your surroundings (Stealth+).
Your rubbery body absorbs attacks. (AC +1, EV +1)


Message History

You hit something. You hit something. Something closely misses you.
You hit something. Something barely misses you.
You hit something. You closely miss something.
You hear some strange, mumbled words.
A puff of flame appears from out of thin air!
The puff of flame misses you.
You hit something but do no damage.
You hear some strange, mumbled words.
You are confused.
Your transformation has ended.
Something hits you!
You bump into the rock wall.
Something hits you!
You miss something. Something hits you!
* * * LOW HITPOINT WARNING * * *
You see here a goblin corpse.
Something hits you!
You die...

..##.....g...####.##..## .
#.......>.##......### .
#..............#.###.
......#####.#.........>.
...####...#........#.###
...###...#.....##...# #
........{......###..# #
.####.)†##).........# .
#..@##......##...##.
##..###..............
#..#....###..........
#..#.#####........... #########
#..#.###.............
#.......###....................
#..[...........................
#.......#...............).....#
#.......#......................


There were no monsters in sight!

Vanquished Creatures
  2 adders (D:2)
  An ooze (D:1)
  A worm (D:2)
  2 dart slugs (D:1)
  2 leopard geckos (D:2)
  A giant cockroach (D:2)
  5 hobgoblins
  2 jackals (D:2)
  6 kobolds
  A quokka (D:2)
  3 bats
  4 frilled lizards
  9 goblins
  7 rats
46 creatures vanquished.

Notes
Turn   | Place    | Note
-------+----------+-------------------------------------------
     0 | D:1      | prawnwizard the Octopode Transmuter began the quest for the Orb.
     0 | D:1      | Reached XP level 1. HP: 13/13 MP: 3/3
   313 | D:1      | Reached XP level 2. HP: 10/18 MP: 5/5
   820 | D:1      | Reached XP level 3. HP: 23/23 MP: 6/6
  1404 | D:2      | Learned a level 2 spell: Sticks to Snakes
  1408 | D:2      | Learned a level 3 spell: Spider Form
  1425 | D:2      | Reached XP level 4. HP: 19/28 MP: 7/7
  1543 | D:2      | Found a snail-covered altar of Cheibriados.
  1545 | D:2      | Found a hazy altar of Hepliaklqana.
  1602 | D:2      | Noticed Sigmund
  1636 | D:2      | HP: 1/28 [something (8)]
  1637 | D:2      | Mangled by Sigmund

Action                   |  1- 3 |  4- 6 || total
-------------------------+-------+-------++-------
Melee: Unarmed           |    79 |    33 ||   112
       Constrict         |    24 |     6 ||    30
       Tentacles         |    11 |     4 ||    15
       Kick              |     1 |       ||     1
       Punch             |     1 |     1 ||     2
 Cast: Beastly Appendage |     1 |       ||     1
       Spider Form       |       |     1 ||     1
 Stab: Sleeping          |     6 |       ||     6
       Distracted        |     1 |       ||     1
  Eat: Chunk             |     1 |     1 ||     2
Armor: Skin              |     1 |     2 ||     3
Dodge: Dodged            |    37 |    28 ||    65
